 Dungeon Crawl Stone Soup version 0.31-a0-986-g5e6e4ef867 (webtiles) character file.

Game seed: 17076083400290834581

92 LeprechaunX the Changeling (level 4, -1/29 HPs)
             Began as an Octopode Shapeshifter on Nov 11, 2023.
             Killed from afar by an orc wizard (6 damage)
             ... with a magic dart
             ... on level 3 of the Dungeon.
             The game lasted 00:01:44 (2090 turns).

LeprechaunX the Changeling (Octopode Shapeshifter)  Turns: 2090, Time: 00:01:44

Health: -1/29      AC:  5    Str: 13    XL:     4   Next: 60%
Magic:  4/4        EV: 13    Int: 12    God:
Gold:   103        SH:  0    Dex: 13    Spells: 3/3 levels left

rFire   . .          .
                       - Unarmed
rCold   . . .        (no shield)
rNeg    . . .        (helmet currently unavailable)
rPois   .            (no amulet)
rElec   .            l - +4 ring of protection
rCorr   .            (no ring)
SInv    .            (no ring)
Will    .....        (no ring)
Stlth   ++           (no ring)
HPRegen 0.24/turn    (no ring)
MPRegen 0.09/turn    (no ring)
                     (no ring)

%: no passive effects
@: confused, beast-form
A: beast (slay +2), almost no armour, amphibious, 8 rings, camouflage 1,
gelatinous body 1, (nimble swimmer 1), tentacles
a: Begin Untransformation


You were on level 3 of the Dungeon.
You were a hulking beast.
You visited 1 branch of the dungeon, and saw 3 of its levels.

You collected 103 gold pieces.

Inventory:

Jewellery
 l - a +4 ring of protection (left tentacle)
Talismans
 b - a beast talisman
 c - a flux talisman
Scrolls
 e - 3 scrolls of fear {unknown}
 f - a scroll of noise {unknown}
 g - a scroll of silence {unknown}
 h - a scroll of teleportation {unknown}
 i - a scroll of summoning {unknown}
 k - a scroll of identify {unknown}
Potions
 a - a potion of lignification
 d - a potion of haste {unknown}
 j - a potion of curing {unknown}
 m - a potion of enlightenment {unknown}


   Skills:
 + Level 2.1 Fighting
 - Level 2.0 Dodging
 + Level 3.6 Unarmed Combat
 * Level 4.1 Shapeshifting


You had 3 spell levels left.
You didn't know any spells.
Your spell library contained the following spells:

 Spells                   Type           Power      Damage    Failure   Level
 Slow                     Hex            0%         N/A       32%         1
 Confusing Touch          Hex            0%         N/A       69%         3
 Sigil of Binding         Hex            0%         N/A       69%         3
 Vampiric Draining        Necr           0%         2d6       69%         3


Dungeon Overview and Level Annotations

Branches:
Dungeon (3/15)

Altars:
Kikubaaqudgha


Innate Abilities, Weirdness & Mutations

You are a hulking beast.
Your limbs bulge with bestial killing power. (Slay +2)
You cannot wear most types of armour.
You are amphibious.
You can wear up to eight rings at the same time.
Your skin changes colour to match your surroundings (Stealth+).
Your rubbery body absorbs attacks. (AC +1, EV +1)
((You are camouflaged when in or above water. (Stealth+)))
You have tentacles for arms and can constrict up to eight enemies at once.


Message History

You are too confused!
You are too confused!
You are too confused!
You are too confused!
You are too confused!
You are too confused!
You are too confused!
You are too confused!
You are too confused!
You are too confused!
You are too confused!
You are too confused!
You are too confused!
Unknown command.
You tentacle-slap the orc wizard but do no damage.
Your tentacle-slap misses the orc wizard.
The orc wizard is moderately wounded.
You constrict the orc wizard. The orc hits you with a +0 flail!
The orc wizard casts a spell at you. The magic dart hits you.
* * * LOW HITPOINT WARNING * * *
You tentacle-slap the orc wizard. You squeeze the orc wizard.
The orc wizard is severely wounded.
You constrict the orc wizard. The orc closely misses you.
The orc wizard hits you with a +0 dagger.
* * * LOW HITPOINT WARNING * * *
Unknown command.
You release your grip on the orc wizard.
The orc closely misses you.
The orc wizard gestures at you while chanting.
You resist with some effort.
Unknown command.
The orc hits you but does no damage.
Things that are here:
a +0 short sword; an orc corpse Unknown command.
You bump into the rock wall.
The orc barely misses you.
The orc wizard points at you and mumbles some strange words.
The magic dart hits you.
You die...

........# ...>....#
........# ........#####
............#
..........#.########
........#..........##
.........###..####..###
..........###..)ho....##
..##.####.######oo......
.###.# #.....#.........
.# #.# #.....#.........
## #.# #.....#.........
# #.# #.....#.>....... #
#.## #.....#......... #
#..####..###.........
#####......## ##........


You could see an orc wizard and 2 orcs.

Vanquished Creatures
  4 adders (D:2)
  3 dart slugs
  2 orcs (D:3)
  5 endoplasms
  A giant cockroach (D:2)
  4 goblins
  3 hobgoblins
  6 jackals
  6 kobolds
  2 quokkas
  3 ball pythons
  3 bats
  A frilled lizard (D:1)
  3 rats
46 creatures vanquished.

Notes
Turn   | Place    | Note
-------+----------+-------------------------------------------
     0 | D:1      | LeprechaunX the Octopode Shapeshifter began the quest for
                  | the Orb.
     0 | D:1      | Reached XP level 1. HP: 13/13 MP: 1/1
    91 | D:1      | Reached XP level 2. HP: 15/18 MP: 2/2
  1099 | D:2      | Reached XP level 3. HP: 23/23 MP: 3/3
  1147 | D:2      | Found an ancient bone altar of Kikubaaqudgha.
  1532 | D:2      | Reached XP level 4. HP: 29/29 MP: 4/4
  1834 | D:2      | Reached skill level 4 in Shapeshifting
  2090 | D:3      | Killed from afar by an orc wizard

Illustrated notes

Levels and vault maps discovered:
D:1:      minmay_arrival_stone_box, layout_basic
D:2:      layout_loops_ring, basic_altar, grunt_ministairs_2
D:3:      layout_rooms, shapermc_ecumenical_altar_starsandcircs, uniq_natasha

Skill      XL: |  1  2  3  4 |
---------------+-------------+-----
Fighting       | 2 |  2.1
Shapeshifting  | 4 |  4.1
Dodging        | |  2.0
Unarmed Combat | |  3.6

Action                     |  1- 3 |  4- 6 || total
---------------------------+-------+-------++-------
  Melee: Unarmed           |    67 |    28 ||    95
         Constrict         |    16 |     8 ||    24
         Tentacles         |    10 |     6 ||    16
         Punch             |     1 |       ||     1
   Stab: Sleeping          |    11 |     3 ||    14
 Armour: Skin              |    15 |    13 ||    28
  Dodge: Dodged            |    37 |    18 ||    55

Table legend: (Time is in decaauts)
 A = Elapsed time spent in this place.
 B = Non-inter-level travel time spent in this place.
 C = Inter-level travel time spent in this place.
 D = Time resting spent in this place.
 E = Time spent auto-exploring this place.
 F = Levels seen in this place.
 G = Mean time per level.
                   A        B        C        D        E       F      G
               +--------+--------+--------+--------+--------+-----+--------+
         Total |   2084 |   1993 |     91 |      0 |   1720 |   3 |  694.7 |
       Dungeon |   2084 |   1993 |     91 |      0 |   1720 |   3 |  694.7 |
               +--------+--------+--------+--------+--------+-----+--------+

Top non-repeatable levels by time:
     D:1: 1058 daAuts
     D:2: 927 daAuts
     D:3: 98 daAuts
